 Dungeon Crawl Stone Soup version 0.31-a0-232-gb1c03b2570 (webtiles) character file.

Game seed: 15575701780453382822

43 qw the Shooter (level 3, -3/21 HPs)
             Began as a Gargoyle Hexslinger on July 7, 2023.
             Slain by Natasha (8 damage)
             ... on level 2 of the Dungeon.
             The game lasted 00:00:25 (1148 turns).

qw the Shooter (Gargoyle Hexslinger)                Turns: 1148, Time: 00:00:26

Health: -3/21      AC:  6    Str: 11    XL:     3   Next: 58%
Magic:  4/4        EV: 11    Int: 13    God:
Gold:   45         SH:  0    Dex: 14    Spells: 3/4 levels left

rFire   . . .        Y - +1 sling
rCold   . . .        (no shield)
rNeg    + . .        g - +0 leather armour
rPois   inf          (no helmet)
rElec   +            (no cloak)
rCorr   .            (no gloves)
SInv    .            (no boots)
Will    .....        (no amulet)
Stlth   +            (no ring)
HPRegen 0.23/turn    (no ring)
MPRegen 0.09/turn

%: no passive effects
@: slowed, very slow
A: sickness immunity, AC +3, negative energy resistance 1, electricity
resistance, torment resistance 1, petrification resistance
a: no special abilities


You were on level 2 of the Dungeon.
You visited 1 branch of the dungeon, and saw 2 of its levels.

You collected 45 gold pieces.


Innate Abilities, Weirdness & Mutations

You are immune to sickness and miasma.
Your stone body is resilient. (AC +3)
You are immune to poison.
You resist negative energy. (rN+)
You are resistant to electric shocks. (rElec)
You are resistant to unholy torment.
You are immune to petrification.


   Skills:
 - Level 2.0 Fighting
 + Level 3.4 Ranged Weapons
 - Level 1.5 Dodging
 - Level 1.0 Spellcasting
 - Level 2.6 Hexes


You had 3 spell levels left.
You knew the following spells:

 Your Spells              Type           Power      Damage    Failure   Level
a - Slow                  Hex            28%        N/A       12%         1

Your spell library contained the following spells:

 Spells                   Type           Power      Damage    Failure   Level
 Inner Flame              Hex/Fire       4%         N/A       54%         3
 Portal Projectile        Hex/Tloc       8%         N/A       54%         3
 Cause Fear               Hex            3%         N/A       77%         4

Inventory:

Hand Weapons
 Y - a +1 sling (weapon)
Armour
 g - a +0 leather armour (worn)
Potions
 e - a potion of attraction {unknown}
 f - a potion of brilliance {unknown}

Dungeon Overview and Level Annotations

Branches:
Dungeon (2/15)

Altars:

Shops:
D:1 ([

Annotations:
D:2 Natasha


Message History

There is a large open door here.
You see here a +0 club.
There is a large open door here.
You see here a +0 club.
There is an open door here.
You open the door.
There is an open door here.
You see here a +4 falchion.
Enter note:
Enter note:
Enter note:
Enter note: Natasha, Servant of Life and Death comes into view.
Natasha hisses angrily.
Enter note:
Enter note:
Enter note:
Enter note: You shoot a sling bullet.
The sling bullet hits Natasha but does no damage.
You shoot a sling bullet. The sling bullet barely misses Natasha.
You shoot a sling bullet.
The sling bullet closely misses Natasha.
You shoot a sling bullet. The sling bullet barely misses Natasha.
Natasha casts a spell.
You shoot a sling bullet. The sling bullet hits Natasha.
Natasha is heavily wounded.
Natasha claws you.
The cerulean imp hits you from afar with a +2 spear.
Natasha claws you.
You shoot a sling bullet. The sling bullet barely misses Natasha.
The cerulean imp barely misses you. Natasha casts a spell at you.
You feel yourself slow down.
You shoot a sling bullet. The sling bullet hits Natasha.
Natasha is heavily wounded.
The cerulean imp barely misses you. Natasha barely misses you.
The cerulean imp hits you from afar with a +2 spear.
Natasha claws you!
You die...

#...........#..
#.#########.#.# #.#
#.#.# #.# #)#.# #.#
#.#.. ##########.# #.###
.....5.....#.# # #.#
.............## #.#'###
......h@.........#......
.##.#..................#
# #......#####.#.....#
#......# # ##....#
#.$....# ....#.#
.......# #..####.#
######### #.. ###+#
#..#..... #.### ..#.....


You could see Natasha and a cerulean imp (summoned).

Vanquished Creatures
  An adder (D:2)
  4 orcs (D:2)
  5 bats
  2 goblins (D:1)
  4 hobgoblins (D:1)
  6 kobolds (D:1)
  A quokka (D:2)
  A ball python (D:1)
  2 frilled lizards (D:2)
  3 rats
29 creatures vanquished.

Notes
Turn   | Place    | Note
-------+----------+-------------------------------------------
     0 | D:1      | qw the Gargoyle Hexslinger began the quest for the Orb.
     0 | D:1      | Reached XP level 1. HP: 12/12 MP: 2/2
     0 | D:1      | 0 ||| qw: Version: 0.3-a-46-gb1f654a
     0 | D:1      | 0 ||| qw: Game counter: 2426
     0 | D:1      | 0 ||| qw: Melee chars always use a shield: true
     0 | D:1      | 0 ||| qw: God list: Okawaru
     0 | D:1      | 0 ||| qw: Allow faded altars: false
     0 | D:1      | 0 ||| qw: Do Orc after clearing Dungeon:15 true
     0 | D:1      | 0 ||| qw: Do second Lair branch before Depths: true
     0 | D:1      | 0 ||| qw: Lair rune preference: random
     0 | D:1      | 0 ||| qw: Goals: Normal
     0 | D:1      | 0 ||| PLANNING D:1-11
   135 | D:1      | Reached XP level 2. HP: 16/16 MP: 3/3
   176 | D:1      | Reached skill level 3 in Ranged Weapons
   265 | D:1      | Found Fomaf's Weapon Shoppe.
   588 | D:1      | Found Dotompogg's Armour Shop.
   591 | D:1      | 591 ||| SHOPLISTING +1 robe of positive energy (126 gold,
                  | have 37).
   591 | D:1      | 591 ||| SHOPLISTING +2 leather armour of cold resistance
                  | (247 gold, have 37).
   591 | D:1      | 591 ||| SHOPLISTING +2 robe of cold resistance (230 gold,
                  | have 37).
   591 | D:1      | 591 ||| SHOPLISTING scarf of resistance (416 gold, have
                  | 37).
   654 | D:1      | 654 ||| UPGRADING to +0 leather armour.
   664 | D:1      | 664 ||| DROPPING +0 robe.
   667 | D:1      | 667 ||| READING scroll labelled SIWKUGRA IHIEMO.
   669 | D:1      | 669 ||| DROPPING scroll of poison.
   878 | D:2      | Reached XP level 3. HP: 21/21 MP: 4/4
  1141 | D:2      | Noticed Natasha
  1148 | D:2      | HP: 5/21 [cerulean imp/+2 spear[Natasha] (1)]
  1148 | D:2      | Slain by Natasha

Levels and vault maps discovered:
D:1:      lightli_molten_gateway, layout_loops_ring, serial_shops,
          nicolae_shop_behind_doors, shop, bh_walls_and_bars
D:2:      layout_basic, basic_altar, wad_orctagon, uniq_natasha

Skill      XL: |  1  2 |
---------------+-------+-----
Ranged Weapons | 3 |  3.4
Fighting       | 2 |  2.0
Dodging        | |  1.5
Spellcasting   | |  1.0
Hexes          | |  2.6

Action                     || total
---------------------------++-------
   Fire: Sling             ||   114
    Use: Scroll            ||     1
 Armour: Robe              ||     8
         Leather armour    ||    15
  Dodge: Dodged            ||    35

Table legend:
 A = Non-vault XP
 B = Vault XP
 C = Vault XP percentage of total XP
 D = Non-vault monster count
 E = Vault monster count
 F = Vault count percentage of total count
                 A         B        C        D         E       F
            +---------+---------+-------+---------+---------+-------
      Total |      50 |      12 |  19.4 |      25 |       4 |  13.8
            +---------+---------+-------+---------+---------+-------
        D:1 |      30 |       0 |   0.0 |      19 |       0 |   0.0
        D:2 |      20 |      12 |  37.5 |       6 |       4 |  40.0
            +---------+---------+-------+---------+---------+-------
